 Dungeon Crawl Stone Soup version 0.18-a0-1343-g48c8f86 (webtiles) character file.

648 M4edhros the Covert (level 7, -10/43 HPs)
             Began as an Octopode Artificer on Feb 16, 2016.
             Mangled by an orc
             ... wielding a +0 mace
              (12 damage)
             ... on level 5 of the Dungeon.
             The game lasted 00:07:08 (2915 turns).

M4edhros the Covert (Octopode Artificer)            Turns: 2915, Time: 00:07:10

Health: -10/43     AC:  1    Str: 16    XL:     7   Next: 53%
Magic:  9/9        EV: 12    Int: 16    God:    Xom [.....*]
Gold:   147        SH:  0    Dex: 12    Spells: 0 memorised, 6 levels left

rFire  + . .     SeeInvis +     a - +0 short sword
rCold  + . .     Gourm    .     (no shield)
rNeg   . . .     Faith    .     (helmet restricted)
rPois  +         Spirit   .     s - amulet of harm
rElec  +         Dismiss  .     n - ring of see invisible
rCorr  +         Reflect  .     v - ring of poison resistance
SustAt .         Harm     +     (no ring)
MR     .....                    (no ring)
Stlth  ++++++....               (no ring)
                                (no ring)
                                (no ring)
                                (no ring)

@: mighty, resistant, marked, not resistant to hostile enchantments, very
stealthy
A: almost no armour, amphibious, 8 rings, constrict 8, camouflage 1, gelatinous
body 1
a: Renounce Religion


You were on level 5 of the Dungeon.
You worshipped Xom.
You were Xom's teddy bear.
You were hungry.

You visited 2 branches of the dungeon, and saw 6 of its levels.

You collected 147 gold pieces.

Inventory:

Hand Weapons
 a - a +0 short sword (weapon)
Missiles
 m - 45 stones (quivered)
Armour
 r - a +0 buckler
Jewellery
 n - a ring of see invisible (left tentacle)
 s - an amulet of harm (around mantle)
 v - a ring of poison resistance (right tentacle)
Wands
 b - a wand of flame (11/48)
 c - a wand of enslavement (14/24)
 d - a wand of random effects (15/48)
Scrolls
 g - 8 scrolls of identify {unknown}
 j - a scroll of remove curse
 q - 2 scrolls of teleportation
 t - a scroll of magic mapping {unknown}
Potions
 e - a potion of resistance
 i - a potion of magic {unknown}
 l - a potion of curing {unknown}
 o - a potion of agility {unknown}
 u - a potion of might
Comestibles
 f - 4 bread rations
 h - 3 meat rations
 k - a beef jerky
 p - 3 fruits


   Skills:
 - Level 1.0 Fighting
 - Level 1.0 Short Blades
 - Level 2.0 Dodging
 + Level 11.2 Stealth
 - Level 3.2 Evocations


You had 6 spell levels left.
You didn't know any spells.

Dungeon Overview and Level Annotations

Branches:
Dungeon (5/15)             Temple (1/1) D:5

Altars:
Ashenzari
Cheibriados
Dithmenos
Elyvilon
Gozag
Kikubaaqudgha
Nemelex Xobeh
Okawaru
Pakellas
Ru
Sif Muna
Trog
Vehumet
Xom
Yredelemnul
Zin
The Shining One


Innate Abilities, Weirdness & Mutations

You cannot wear most types of armour.
You are amphibious.
You can wear up to eight rings at the same time.
You can use your tentacles to constrict eight enemies at once.
Your skin changes colour to match your surroundings (Stealth).
Your rubbery body absorbs attacks (AC +1).


Message History

* * * LOW HITPOINT WARNING * * *
Something completely misses your butterfly.
The orc hits you with a mace.
* * * LOW HITPOINT WARNING * * *
Xom is mildly amused.
Unknown command.
Drink which item? (? for menu, Esc to quit)
It was a potion of resistance.
You feel protected.
You constrict the gnoll. The orc barely misses you. The gnoll misses you.
The orc misses you. Something misses your butterfly.
A hobgoblin comes into view.
Drink which item? (? for menu, Esc to quit)
It was a potion of might.
You feel very mighty all of a sudden.
You constrict the gnoll.
Your butterfly disappears in a puff of smoke!
The orc hits you with a mace!
You die...
Xom laughs nastily!

.......###........ ..............
.......# #..####.. ###.....P.....
..)....# #..# ## ####..##+#..
......####..# .# ..#+# #.)
............# .####..# #))
...##.......#+###'#..##K# ##.
.........#..#..'K§.b..b.##+# #.
............'..#g#####.....# #.
...........#####@#..(##b#..##+##.
<..........# #ooo...#).# .#.)#..
....?......# #.o#...#..# #K.+..
###........# ##.#####..# #+##..
#######....# '.. #### #..
...####....# #.. #..
##.........### ##.# ##.
.............# .g #.
....##'###...# .. #.


You could see a gnoll, 4 orcs, a hobgoblin and a kobold.

Vanquished Creatures
  Menkaure (D:5)
  A giant frog (D:5)
  A scorpion (D:5)
  A water moccasin skeleton (D:5)
  3 hounds
  A centaur skeleton (D:5)
  2 worker ants (D:5)
  2 gnolls (D:5)
  7 adders
  A worm (D:3)
  3 giant geckos
  3 orcs
  6 bats
  6 giant cockroaches
  2 goblins
  7 hobgoblins
  2 jackals (D:4)
  A quokka (D:5)
  A ball python (D:2)
  A giant gecko skeleton (D:4)
  5 giant newts
  4 kobolds
  8 rats
69 creatures vanquished.

Vanquished Creatures (collateral kills)
  An ice beast (D:5)
  A gnoll shaman (D:5)
  A gnoll (D:5)
3 creatures vanquished.

Grand Total: 72 creatures vanquished

Notes
Turn   | Place    | Note
--------------------------------------------------------------
     0 | D:1      | M4edhros the Octopode Artificer began the quest for the Orb.
     0 | D:1      | Reached XP level 1. HP: 13/13 MP: 3/3
    52 | D:1      | Reached XP level 2. HP: 15/18 MP: 4/4
   327 | D:1      | Reached skill level 4 in Stealth
   345 | D:1      | Reached XP level 3. HP: 12/23 MP: 5/5
   990 | D:2      | Reached skill level 5 in Stealth
  1170 | D:3      | Reached XP level 4. HP: 9/28 MP: 6/6
  1463 | D:3      | Found a shimmering altar of Xom.
  1465 | D:3      | Found a shimmering altar of Xom.
  1466 | D:3      | Found a shimmering altar of Xom.
  1469 | D:3      | Became a worshipper of Xom of Chaos
  1571 | D:4      | XOM: harmless Hex miscast
  1716 | D:4      | Reached skill level 6 in Stealth
  1720 | D:4      | Reached XP level 5. HP: 30/33 MP: 7/7
  1842 | D:4      | Noticed a phantom
  1962 | D:4      | Reached skill level 7 in Stealth
  2200 | D:5      | Entered Level 5 of the Dungeon
  2206 | D:5      | XOM: harmless Tloc miscast
  2209 | D:5      | Reached skill level 8 in Stealth
  2228 | D:5      | Reached XP level 6. HP: 14/38 MP: 8/8
  2249 | D:5      | Reached skill level 9 in Stealth
  2261 | D:5      | Found a staircase to the Ecumenical Temple.
  2273 | Temple   | Entered the Ecumenical Temple
  2330 | Temple   | XOM: divination: detect items
  2527 | D:5      | Noticed Menkaure
  2534 | D:5      | XOM: potion effect (berserk rage)
  2536 | D:5      | XOM: potion effect (curing)
  2537 | D:5      | XOM: divination: detect items
  2538 | D:5      | Killed Menkaure
  2538 | D:5      | Reached skill level 10 in Stealth
  2538 | D:5      | Reached XP level 7. HP: 24/43 MP: 9/9
  2556 | D:5      | XOM: summons 7 friendly demons
  2590 | D:5      | XOM: summons 7 friendly demons
  2776 | D:5      | Reached skill level 11 in Stealth
  2895 | D:5      | XOM: butterfly on damage
  2913 | D:5      | HP: 2/43 [orc/mace (7)]
  2915 | D:5      | Mangled by an orc

Vault maps used:
D:1:      onia_arrival_larder, minmay_box_of_dots
D:2:      nicolae_overflow_hidden_temple, first_bread
D:3:      xom_redecorated
D:4:      minmay_crystal_water, grunt_decor_arrowhead
D:5:      corexii_shantytown, temple_pool_b, gup_sewer_entry_spiral,
          wad_floor_pattern_untrapped, uniq_menkaure
Temple:   nicolae_temple_elliptical

Action                   |  1- 3 |  4- 6 |  7- 9 || total
-------------------------+-------+-------+-------++-------
Melee: Short sword       |    71 |    52 |    19 ||   142
Evoke: Wand              |       |     3 |     2 ||     5
  Use: Scroll            |       |     4 |       ||     4
       Potion            |       |       |     2 ||     2
 Stab: Sleeping          |    23 |     6 |     3 ||    32
       Distracted        |     1 |       |       ||     1
  Eat: Chunk             |       |     5 |     1 ||     6
